 Dungeon Crawl Stone Soup version 0.27-a0-887-gcab673c142 (webtiles) character file.

Game seed: 2899231894685767767

1300 mhtbhm the Chopper (level 8, -9/93 HPs)
             Began as a Minotaur Fighter on Apr 3, 2021.
             Was an Elder of Hepliaklqana.
             Mangled by an orc warrior
             ... wielding a +0 halberd
              (11 damage)
             ... in a bailey.
             The game lasted 00:06:23 (5862 turns).

mhtbhm the Chopper (Minotaur Fighter)               Turns: 5862, Time: 00:06:23

Health: -9/93      AC:  9    Str: 20 (23) XL:     8   Next: 31%
Magic:  15/16      EV:  9    Int:  2 (5)  God:    Hepliaklqana [****..]
Gold:   249        SH: 12    Dex:  9 (10) Spells: 7/7 levels left

rFire    . . .     SeeInvis .   a - +0 war axe
rCold    + . .     Faith    .   c - +2 kite shield
rNeg     . . .     Spirit   .   b - +0 scale mail {rC+}
rPois    .         Reflect  .   (helmet restricted)
rElec    .         Harm     .   f - +0 cloak
rCorr    .         Rampage  .   (no gloves)
Will     .....                  (no boots)
Stlth    ..........             (no amulet)
HPRegen  0.25/turn              s - ring of wizardry
MPRegen  0.15/turn              v - ring of magical power

@: mighty, berserking, flying, very slightly contaminated, invisible, very quick
A: reduced essence, horns 2, retaliatory headbutt
a: Renounce Religion, Recall Ancestor, Ancestor Identity, Transference, Idealise


You were in a bailey.
You worshipped Hepliaklqana.
Hepliaklqana was greatly pleased with you.
You visited 1 branch of the dungeon, and saw 7 of its levels.
You also visited: Bailey.

You collected 249 gold pieces.

Inventory:

Hand Weapons
 a - a +0 war axe (weapon)
Missiles
 t - 5 atropa-tipped darts (quivered)
 u - a throwing net
Armour
 b - a +0 scale mail of cold resistance (worn)
 c - a +2 kite shield (worn)
 f - a +0 cloak (worn)
Jewellery
 s - a ring of wizardry (left hand)
 v - a ring of magical power (right hand)
Wands
 e - a wand of random effects (4)
Scrolls
 j - a scroll of brand weapon
 k - 5 scrolls of teleportation {unknown}
 m - 2 scrolls of amnesia {unknown}
 n - 2 scrolls of enchant weapon {unknown}
 p - a scroll of holy word {unknown}
 q - 3 scrolls of fog {unknown}
 w - a scroll of torment {unknown}
 y - a scroll of identify
Potions
 h - a potion of attraction
 i - a potion of haste
 l - a potion of brilliance


   Skills:
 + Level 5.6 Fighting
 + Level 7.6 Axes
 + Level 6.4 Armour
 + Level 4.1 Dodging
 + Level 1.1 Stealth
 + Level 5.7 Shields


You had 7 spell levels left.
You didn't know any spells.
Your spell library contained the following spells:

 Spells                   Type           Power      Damage    Failure   Level
 Beastly Appendage        Tmut           0%         N/A       89%         1
 Wereblood                Tmut           0%         N/A       96%         2
 Spider Form              Tmut/Pois      0%         N/A       99%         3
 Ice Form                 Ice/Tmut       0%         N/A       100%        4
 Hydra Form               Tmut           0%         N/A       100%        5


Dungeon Overview and Level Annotations

Branches:
Dungeon (7/15)             Temple (0/1) D:6          Bailey (1/1)

Altars:
Dithmenos
Hepliaklqana
Qazlal
Trog
Vehumet
Xom


Innate Abilities, Weirdness & Mutations

Your life essence is reduced to manifest your ancestor. (-10% HP)
You have a pair of horns on your head.
You reflexively headbutt those who attack you in melee.


Message History

You catch the helpless orc warrior completely off-guard!
You slash the orc warrior!
You kill the orc warrior!
The orc warrior no longer looks unusually strong.
The orc warrior barely misses Kendra.
The orc warrior unwields a +0 arbalest.
The orc warrior barely misses Kendra.
The orc knight hits Kendra with a +0 glaive!!
The orc warrior barely misses you.
Kendra closely misses the orc knight.
You closely miss the orc warrior. You headbutt the orc warrior.
The orc warrior is lightly wounded.
You catch the helpless orc warrior completely off-guard!
You slash the orc warrior!
Kendra blocks the orc warrior's attack.
The orc knight hits you from afar with a +0 glaive!
* * * LOW HITPOINT WARNING * * *
You block the orc warrior's attack.
The orc warrior wields a +0 arbalest.
The orc warrior shoots a bolt.
The bolt hits Kendra!!
Kendra is destroyed!
Unknown command.
It was a potion of berserk rage.
A red film seems to cover your vision as you go berserk!
You feel yourself moving faster!
You feel mighty! The orc warrior closely misses you.
You block the orc warrior's attack.
You slash the orc warrior!
You headbutt the orc warrior, but do no damage.
The orc warrior is severely wounded.
You miss the orc warrior. You hit the orc knight.
You block the orc warrior's attack.
The orc warrior unwields a +4 arbalest.
The orc warrior hits you but does no damage.
Unknown command.
Your shield and scale mail prevent you from hitting the orc knight.
You headbutt the orc knight.
The orc knight is lightly wounded.
You closely miss the orc warrior.
You hit the orc warrior but do no damage.
The orc knight hits you with a +0 glaive!
* * * LOW HITPOINT WARNING * * *
The orc knight roars a battlecry!
The orcs go into a battle-frenzy!
The orc warrior hits you with a +0 halberd!
You die...

### #########∩##
##..o..##.∩.#
#.)≈≈≈..#...#..≈
#o≈@o≈≈.......≈≈o
#..oo.≈oo.≈.......≈oo
#[..#.≈≈.≈≈.......≈≈.≈
#/..#..≈≈≈..#...#..≈≈≈
#[. ##.....##...##....
##. #########∩## ####
##


You could see 2 orc knights and 5 orc warriors.

Vanquished Creatures
  Menkaure (D:4)
  An orc warrior (Bailey)
  An ogre (D:5)
  A bullfrog (D:5)
  2 scorpions (D:5)
  2 hounds
  An orc priest (D:5)
  Natasha (thrice) (D:2)
  2 orc wizards (D:5)
  A killer bee zombie (D:6)
  A hound skeleton (D:4)
  2 gnolls (D:5)
  2 adders
  A shadow imp (D:6)
  A white imp (D:6)
  An ufetubus (D:5)
  An adder skeleton (D:4)
  A worm (D:2)
  3 dart slugs
  9 orcs
  4 ball pythons
  5 endoplasms
  A giant cockroach (D:2)
  3 goblins
  2 hobgoblins
  2 jackals
  A quokka (D:1)
  3 bats (D:2)
  3 frilled lizards
  4 kobolds
  4 rats
69 creatures vanquished.

Vanquished Creatures (collateral kills)
  A water moccasin (D:6)
  A sky beast (D:5)
  A necrophage (D:5)
  A bullfrog skeleton (D:4)
  A centaur skeleton (D:4)
  Jessica (D:2)
  An iguana (D:5)
  A hound skeleton (D:5)
  A howler monkey zombie (D:7)
  2 gnolls (D:5)
  A worm (D:2)
  A dart slug (D:3)
  An orc (D:5)
  2 hobgoblins
  A kobold (D:1)
  2 quokkas
  3 goblins (D:7)
22 creatures vanquished.

Vanquished Creatures (others)
  A knight (Bailey)
1 creature vanquished.

Grand Total: 92 creatures vanquished

Notes
Turn   | Place    | Note
-------+----------+-------------------------------------------
     0 | D:1      | mhtbhm the Minotaur Fighter began the quest for the Orb.
     0 | D:1      | Reached XP level 1. HP: 19/19 MP: 0/0
   325 | D:1      | Found a faded altar of an unknown god.
   349 | D:1      | Became a worshipper of Hepliaklqana the Forgotten
   349 | D:1      | Reached * piety under Hepliaklqana
   665 | D:1      | Reached XP level 2. HP: 21/24 MP: 1/1
   841 | D:1      | Reached ** piety under Hepliaklqana
   842 | D:1      | Remembered your ancestor Kendra as a knight
  1248 | D:2      | Noticed Jessica
  1253 | D:2      | Killed Jessica
  1254 | D:2      | Reached XP level 3. HP: 20/29 MP: 2/2
  1396 | D:2      | Noticed Natasha
  1402 | D:2      | Killed Natasha
  1403 | D:2      | Reached skill level 3 in Axes
  1403 | D:2      | Reached XP level 4. HP: 33/36 MP: 3/3
  1721 | D:2      | Noticed Natasha
  1727 | D:2      | Killed Natasha
  1728 | D:2      | Reached XP level 5. HP: 42/42 MP: 4/4
  1914 | D:2      | Reached skill level 4 in Axes
  2062 | D:2      | Noticed Natasha
  2068 | D:2      | Killed Natasha
  2269 | D:3      | Found a radiant altar of Vehumet.
  2379 | D:3      | Found a shimmering altar of Xom.
  2497 | D:3      | Noticed a fire elemental
  2692 | D:3      | Noticed a water elemental
  2704 | D:3      | Found a stormy altar of Qazlal.
  2707 | D:3      | Noticed an air elemental
  2902 | D:4      | Reached *** piety under Hepliaklqana
  3034 | D:4      | Noticed Menkaure
  3043 | D:4      | Killed Menkaure
  3044 | D:4      | Reached skill level 5 in Axes
  3044 | D:4      | Reached skill level 5 in Armour
  3044 | D:4      | Reached skill level 1 in Dodging
  3044 | D:4      | Reached XP level 6. HP: 10/47 MP: 5/5
  3405 | D:4      | Reached skill level 5 in Shields
  3981 | D:5      | Entered Level 5 of the Dungeon
  3990 | D:5      | Reached skill level 5 in Fighting
  4082 | D:5      | Reached XP level 7. HP: 54/54 MP: 6/6
  4098 | D:5      | Reached skill level 6 in Axes
  4138 | D:5      | Found a bloodstained altar of Trog.
  4199 | D:5      | Reached skill level 1 in Stealth
  4708 | D:5      | Reached skill level 7 in Axes
  5109 | D:5      | Found a shadowy altar of Dithmenos.
  5119 | D:5      | Reached **** piety under Hepliaklqana
  5120 | D:5      | Reached XP level 8. HP: 62/62 MP: 7/7
  5340 | D:6      | Found a staircase to the Ecumenical Temple.
  5832 | D:7      | Found a flagged portal.
  5840 | Bailey   | Entered a bailey
  5840 | Bailey   | Noticed an orc knight
  5840 | Bailey   | Noticed an orc knight
  5852 | Bailey   | Noticed an orc knight
  5862 | Bailey   | HP: 2/93 [orc knight/+0 glaive (15)]
  5862 | Bailey   | Mangled by an orc warrior

Illustrated notes

Levels and vault maps discovered:
D:1:      dpeg_cavernosity, layout_basic, ebering_ecumenical_altar_hall,
          glass_columns_a
D:2:      layout_loops_ring, uniq_natasha, uniq_jessica
D:3:      layout_rooms, nicolae_vehumet_radiance,
          nicolae_qazlal_style_of_elements, nicolae_overflow_crystal_walls
D:4:      layout_basic, uniq_menkaure
D:5:      layout_loops_ring, bloody_trog, grunt_dithmenos_smoke_and_mirrors,
          nrook_campfire, kennysheep_generic_room_7
D:6:      layout_basic, lemuel_coloured_pillars_altar,
          minmay_temple_entry_statues_pillars, uniq_maggie
D:7:      layout_basic, enter_bailey_3, serial_shops, nicolae_shop_trees,
          nicolae_ossuary_entry_monument, kennysheep_generic_room_5
Bailey:   bailey_polearm_4, bailey

Skill      XL: |  1  2  3  4  5  6  7  8 |
---------------+-------------------------+-----
Shields        | 4 5 |  5.7
Fighting       | 4 5 |  5.6
Armour         | 4 5 6 |  6.4
Axes           | 3 5 7 |  7.6
Dodging        | 1 3 4 |  4.1
Stealth        | 1 |  1.1

Action                   |  1- 3 |  4- 6 |  7- 9 || total
-------------------------+-------+-------+-------++-------
Melee: War axe           |    34 |    92 |   109 ||   235
       Headbutt          |     4 |    13 |    25 ||    42
Invok: Ancestor Identity |     1 |       |       ||     1
       Ancestor Life: Kn |     1 |       |       ||     1
       Recall Ancestor   |       |       |     1 ||     1
  Use: Potion            |       |     3 |     5 ||     8
       Scroll            |       |     4 |     4 ||     8
 Stab: Invisible         |       |       |     3 ||     3
Armor: Scale mail        |    18 |    46 |    45 ||   109
Dodge: Dodged            |     6 |    27 |    38 ||    71
Block: Kite shield       |    15 |    46 |    72 ||   133

Table legend: (Time is in decaauts)
 A = Elapsed time spent in this place.
 B = Non-inter-level travel time spent in this place.
 C = Inter-level travel time spent in this place.
 D = Time resting spent in this place.
 E = Time spent auto-exploring this place.
 F = Levels seen in this place.
 G = Mean time per level.
                   A        B        C        D        E       F      G
               +--------+--------+--------+--------+--------+-----+--------+
         Total |   5976 |   5945 |     31 |    263 |   4678 |   8 |  747.0 |
       Dungeon |   5953 |   5922 |     31 |    263 |   4678 |   7 |  850.4 |
        Bailey |     22 |     22 |      0 |      0 |      0 |   1 |   22.0 |
               +--------+--------+--------+--------+--------+-----+--------+

Top non-repeatable levels by time:
     D:5: 1337 daAuts
     D:1: 1201 daAuts
     D:4: 1180 daAuts
     D:2: 1081 daAuts
     D:3: 589 daAuts
     D:6: 466 daAuts
     D:7: 97 daAuts
  Bailey: 22 daAuts
